 Dungeon Crawl Stone Soup version 0.24-a0-462-ge24419a6ad (webtiles) character file.

Game seed: 10200780054128464779

54 imba613 the Covered (level 4, -10/35 HPs)
             Began as a Human Fighter on July 2, 2019.
             Was a Plaything of Xom.
             Killed by divine providence
             ... invoked by an orc priest
              (13 damage)
             ... on level 3 of the Dungeon.
             The game lasted 00:06:41 (1939 turns).

imba613 the Covered (Human Fighter)                 Turns: 1939, Time: 00:06:42

Health: -10/35     AC:  6    Str: 17    XL:     4   Next: 12%
Magic:  4/4        EV:  7    Int:  9    God:    Xom [..*...]
Gold:   130        SH:  9    Dex: 12    Spells: 3/3 levels left

rFire    . . .     SeeInvis .   a - +0 war axe
rCold    . . .     Gourm    .   c - +0 shield
rNeg     . . .     Faith    .   b - +0 scale mail
rPois    .         Spirit   .   (no helmet)
rElec    .         Reflect  .   (no cloak)
rCorr    .         Harm     .   (no gloves)
MR       .....                  (no boots)
Stlth    ..........             (no amulet)
HPRegen  0.11/turn              (no ring)
MPRegen  0.09/turn              (no ring)

@: no status effects
A: no striking features
a: Renounce Religion


You were on level 3 of the Dungeon.
You worshipped Xom.
You were a toy of Xom.
You were not hungry.

You visited 1 branch of the dungeon, and saw 3 of its levels.

You collected 130 gold pieces.

Inventory:

Hand Weapons
 a - a +0 war axe (weapon)
Armour
 b - a +0 scale mail (worn)
 c - a +0 shield (worn)
Scrolls
 e - a scroll of fog {unknown}
 j - 2 scrolls of magic mapping {unknown}
 k - 2 scrolls of immolation {unknown}
 m - 2 scrolls of remove curse {unknown}
 n - a scroll of noise {unknown}
 p - a scroll of teleportation {unknown}
 r - a scroll of identify {unknown}
Potions
 d - a potion of might
 g - a potion of degeneration {unknown}
 h - 2 potions of berserk rage {unknown}
 i - 3 potions of curing {unknown}
 l - a potion of agility {unknown}
 o - a potion of heal wounds {unknown}
 q - a potion of mutation {unknown}
Comestibles
 f - a ration


   Skills:
 + Level 3.3 Fighting
 + Level 2.5 Axes
 + Level 3.5 Armour
 + Level 3.5 Shields


You had 3 spell levels left.
You didn't know any spells.
Your spell library was empty.

Dungeon Overview and Level Annotations

Branches:
Dungeon (3/15)

Altars:
Xom


Message History

The orc priest calls down the wrath of Beogh upon you.
Beogh smites you!
A shower of butterflies erupts from you!
You barely miss the orc priest.
The orc priest is severely wounded.
The orc priest barely misses you.
The orc priest invokes the aid of Beogh against you.
Pain shoots through your body!
* * * LOW HITPOINT WARNING * * *
You closely miss the orc priest.
The orc priest is severely wounded.
The orc priest barely misses you.
You hear the slow rusting of a drain nearby.
The orc priest hits you with a +0 dagger.
* * * LOW HITPOINT WARNING * * *
A frilled lizard comes into view.
The orc priest mumbles some strange prayers to Beogh against you.
Beogh smites you!
You die...
Xom chortles!

#.####.#.####
#.#....#
#.#.##.#
#....#o##
..+##+...#
#... #...# #.
# ##b.# # s
#.## ll #@#
#.# ..# ##.#
#.# #.# ..#
.l#


You could see an orc priest and a frilled lizard.

Vanquished Creatures
  An ooze (D:1)
  2 worms (D:2)
  2 dart slugs
  2 leopard geckos
  2 orcs (D:3)
  A giant cockroach (D:1)
  8 hobgoblins
  4 jackals (D:2)
  A ball python (D:1)
  3 bats
  A frilled lizard (D:1)
  2 goblins
  3 kobolds (D:1)
  6 rats
38 creatures vanquished.

Notes
Turn   | Place    | Note
-------+----------+-------------------------------------------
     0 | D:1      | imba613 the Human Fighter began the quest for the Orb.
     0 | D:1      | Reached XP level 1. HP: 18/18 MP: 1/1
   356 | D:1      | Reached XP level 2. HP: 21/24 MP: 2/2
   707 | D:1      | Reached XP level 3. HP: 28/29 MP: 3/3
  1319 | D:2      | Found a faded altar of an unknown god.
  1574 | D:2      | Became a worshipper of Xom the Unpredictable
  1697 | D:2      | XOM: silly message
  1798 | D:2      | Reached XP level 4. HP: 35/35 MP: 4/4
  1917 | D:3      | XOM: divination: detect creatures
  1927 | D:3      | XOM: butterfly on damage
  1939 | D:3      | Killed from afar by an orc priest

Levels and vault maps discovered:
D:1:      nzn_arrival_depleted_hourglass, layout_basic, minmay_pentomino_r2
D:2:      layout_basic, chequers_ecumenical_altar_simple_redux
D:3:      layout_loops_ring, gammafunk_temple_overflow_claw,
          lemuel_coloured_pillars_altar, gup_sewer_entry_bowl

Action                   |  1- 3 |  4- 6 || total
-------------------------+-------+-------++-------
Melee: War axe           |   109 |    19 ||   128
  Eat: Ration            |     1 |       ||     1
Armor: Scale mail        |    42 |     8 ||    50
Dodge: Dodged            |    31 |     5 ||    36
Block: Shield            |    52 |     2 ||    54

Table legend:
 A = Non-vault XP
 B = Vault XP
 C = Vault XP percentage of total XP
 D = Non-vault monster count
 E = Vault monster count
 F = Vault count percentage of total count
                 A         B        C        D         E       F
            +---------+---------+-------+---------+---------+-------
      Total |      76 |       2 |   2.6 |      37 |       1 |   2.6
            +---------+---------+-------+---------+---------+-------
        D:1 |      40 |       2 |   4.8 |      22 |       1 |   4.3
        D:2 |      30 |       0 |   0.0 |      13 |       0 |   0.0
        D:3 |       6 |       0 |   0.0 |       2 |       0 |   0.0
            +---------+---------+-------+---------+---------+-------
